 Dungeon Crawl Stone Soup version 0.22-a0-348-gd16d139 (webtiles) character file.

30 xccam the Skirmisher (level 3, -3/35 HPs)
             Began as a Gnoll Wanderer on Apr 7, 2018.
             Slain by a gnoll (4 damage)
             ... on level 2 of the Dungeon.
             The game lasted 00:01:42 (855 turns).

xccam the Skirmisher (Gnoll Wanderer)                Turns: 855, Time: 00:01:43

Health: -3/35      AC:  2    Str: 15    XL:     3   Next: 20%
Magic:  16/16      EV: 11    Int: 14    God:
Gold:   45         SH:  0    Dex: 14    Spells: 7/7 levels left

rFire    . . .     SeeInvis .   a - +2 mace
rCold    . . .     Gourm    .   (no shield)
rNeg     . . .     Faith    .   c - +0 robe
rPois    .         Spirit   .   (no helmet)
rElec    .         Reflect  .   (no cloak)
rCorr    .         Harm     .   (no gloves)
MR       .....                  (no boots)
Stlth    ++........             (no amulet)
HPRegen  0.11/turn              j - ring of magical power
MPRegen  0.15/turn              (no ring)

@: no status effects
A: distributed training, fangs 1, strong nose
a: no special abilities


You were on level 2 of the Dungeon.
You were not hungry.

You visited 1 branch of the dungeon, and saw 2 of its levels.

You collected 45 gold pieces.

Inventory:

Hand Weapons
 a - a +2 mace (weapon)
Armour
 c - a +0 robe (worn)
Jewellery
 j - a ring of magical power (left hand)
 l - an uncursed ring of positive energy {unknown}
Scrolls
 g - a scroll of magic mapping {unknown}
 h - a scroll of random uselessness {unknown}
 i - a scroll of identify {unknown}
 k - a scroll of amnesia {unknown}
 m - a scroll of blinking {unknown}
 n - a scroll of remove curse {unknown}
Potions
 b - a potion of lignification
 e - 2 potions of heal wounds {unknown}
 f - a potion of curing {unknown}
Comestibles
 d - a ration


   Skills:
 + Level 6.5 Fighting
 + Level 0.6 Short Blades
 + Level 0.6 Long Blades
 + Level 0.6 Axes
 + Level 4.5 Maces & Flails
 + Level 0.6 Polearms
 + Level 0.6 Staves
 + Level 0.6 Slings
 + Level 0.6 Bows
 + Level 0.6 Crossbows
 + Level 4.5 Throwing
 + Level 0.6 Armour
 + Level 0.6 Dodging
 + Level 0.6 Stealth
 + Level 0.6 Shields
 + Level 0.6 Unarmed Combat
 + Level 2.8 Spellcasting
 + Level 0.4 Conjurations
 + Level 0.4 Hexes
 + Level 0.4 Charms
 + Level 0.4 Summonings
 + Level 0.4 Necromancy
 + Level 0.4 Translocations
 + Level 3.7 Transmutations
 + Level 0.4 Fire Magic
 + Level 0.4 Ice Magic
 + Level 0.4 Air Magic
 + Level 0.4 Earth Magic
 + Level 0.4 Poison Magic
 + Level 0.8 Invocations
 + Level 0.6 Evocations


You had 7 spell levels left.
You didn't know any spells.

Dungeon Overview and Level Annotations

Branches:
Dungeon (2/15)

Altars:


Innate Abilities, Weirdness & Mutations

Your experience applies equally to all skills.
You have very sharp teeth.
Your uncanny sense of smell can sniff out nearby items.


Message History

You are too injured to fight recklessly!
There are monsters nearby!
You are too injured to fight recklessly!
You are too injured to fight recklessly!
There are monsters nearby!
The gnoll throws a throwing net.
The throwing net hits you.
You become entangled in the net!
You see here a throwing net.
You struggle against the net.
The hobgoblin hits you.
* * * LOW HITPOINT WARNING * * *
The gnoll hits you but does no damage.
You tear a large gash into the net.
The hobgoblin barely misses you.
Unknown command.
You struggle against the net.
The hobgoblin hits you.
* * * LOW HITPOINT WARNING * * *
The gnoll barely misses you.
You rip the net and break free!
The hobgoblin hits you.
* * * LOW HITPOINT WARNING * * *
The gnoll closely misses you. The gnoll hits you.
You die...

#. ... #$ ## ..
#.#>... #...#.#
# #.....#?##
.#####....#....
.......g.......
#########g..#
#.<.....@g..#
#########g#.#
#.#.# ..# # ##.
#


You could see 3 gnolls and a hobgoblin.

Vanquished Creatures
  A dart slug (D:1)
  2 leopard geckos (D:1)
  A giant cockroach (D:1)
  7 hobgoblins (D:1)
  A ball python (D:1)
  2 bats (D:1)
  A frilled lizard (D:1)
  5 kobolds (D:1)
  7 rats (D:1)
27 creatures vanquished.

Notes
Turn   | Place    | Note
-------+----------+-------------------------------------------
     0 | D:1      | xccam the Gnoll Wanderer began the quest for the Orb.
     0 | D:1      | xccam set off with: a +2 mace, a potion of lignification, a +0 robe, a ration
     0 | D:1      | Reached XP level 1. HP: 23/23 MP: 4/4
    79 | D:1      | Reached XP level 2. HP: 19/29 MP: 5/5
   590 | D:1      | Reached XP level 3. HP: 20/35 MP: 7/7
   855 | D:2      | HP: 1/35 [hobgoblin (4)]
   855 | D:2      | Slain by a gnoll

Vault maps used:
D:1:      lemuel_arrival_broad_hall, hangedman_decor_riveting,
          hangedman_decor_points
D:2:      nicolae_ru_awakened_eye

Action                   || total
-------------------------++-------
Melee: Mace              ||    56
       Bite              ||     6
Armor: Robe              ||    12
Dodge: Dodged            ||    29

Table legend:
 A = Spawn XP
 B = Non-spawn XP
 C = Spawn XP percentage of total XP
 D = Spawn monster count
 E = Non-spawn monster count
 F = Spawn count percentage of total count
 G = Total turns spent on level
                    A         B        C        D         E        F      G
               +---------+---------+-------+---------+---------+-------+---------
         Total |       0 |      44 |   0.0 |       0 |      27 |   0.0 |   855
               +---------+---------+-------+---------+---------+-------+---------
           D:1 |       0 |      44 |   0.0 |       0 |      27 |   0.0 |   842
               +---------+---------+-------+---------+---------+-------+---------
